 Dungeon Crawl Stone Soup version 0.31-a0-331-geda263fcf1 (webtiles) character file.

Game seed: 7667258816492898278

30 Gelion the Changeling (level 3, 35/35 HPs)
             Began as a Troll Shapeshifter on July 19, 2023.
             Quit the game on level 1 of the Dungeon.
             The game lasted 00:01:12 (843 turns).

Gelion the Changeling (Troll Shapeshifter)           Turns: 843, Time: 00:01:12

Health: 35/35      AC:  4    Str: 25    XL:     3   Next: 3%
Magic:  2/2        EV:  9    Int:  4    God:
Gold:   49         SH:  0    Dex: 10    Spells: 2/2 levels left

rFire   . .          .
                       - Unarmed
rCold   . . .        (no shield)
rNeg    . . .        a - +0 animal skin
rPois   .            (helmet currently unavailable)
rElec   .            (cloak currently unavailable)
rCorr   .            (gloves unavailable)
SInv    .            (boots unavailable)
Will    .....        (no amulet)
Stlth   +            (no ring)
HPRegen 1.05/turn    (no ring)
MPRegen 0.08/turn

%: no passive effects
@: beast-form
A: beast (slay +2), large, unfitting armour, claws 3, regeneration 1, shaggy fur
1, tough skin 1
a: Begin Untransformation


You were on level 1 of the Dungeon.
You were a hulking beast.
You visited 1 branch of the dungeon, and saw 1 of its levels.

You collected 49 gold pieces.

Inventory:

Armour
 a - a +0 animal skin (worn)
Talismans
 c - a beast talisman
Scrolls
 d - a scroll of torment {unknown}
 e - a scroll of amnesia {unknown}
 f - a scroll of teleportation {unknown}
Potions
 b - a potion of lignification
 g - a potion of heal wounds {unknown}


   Skills:
 + Level 1.9 Fighting
 - Level 1.5 Dodging
 * Level 2.6 Unarmed Combat
 * Level 3.3 Shapeshifting


You had 2 spell levels left.
You didn't know any spells.
Your spell library was empty.

Dungeon Overview and Level Annotations

Branches:
Dungeon (1/15)

Altars:


Innate Abilities, Weirdness & Mutations

You are a hulking beast.
Your limbs bulge with bestial killing power. (Slay +2)
You are too large for most types of armour.
You have claws for hands.
Your natural rate of healing is unusually fast.
You are covered in fur. (AC +1)
You have tough skin. (AC +1)


Message History

A quokka is nearby!
You claw the quokka!
You kill the quokka!
You have reached level 3!
Your experience leads to an increase in your attributes!
Increase (S)trength, (I)ntelligence, or (D)exterity?
You feel stronger. x3
There is a shaft here.
You open the door.
There is an open door here.
There is an open door here.
There is a shaft here.
g - a clear potion A frilled lizard comes into view.
The frilled lizard hisses angrily.
Found 12 gold pieces.
You barely miss the frilled lizard.
The frilled lizard bites you but does no damage.
You claw the frilled lizard!
You kill the frilled lizard!
No target in view!
You now have 49 gold pieces (gained 12).
You open the door.
There is an open door here.
A rat comes into view.
A rat is nearby!
The rat closely misses you.
You barely miss the rat. The rat bites you but does no damage.
You barely miss the rat. The rat completely misses you.
You claw the rat!
You kill the rat!
No target in view!
You see here a rat corpse.
There is a shaft here.
There is an open door here.
You open the door.
There is an open door here.
Done exploring.
Done exploring.
Are you sure you want to abandon this character and quit the game? (Confirm with "yes".)

##########
#.......h#
#.######.# #####
#.# #.#
#...#####.######.#
#>.........)..##.#
#...#####.###.##.#
.......##.###.##.#
.......##........#
.......#####...###


There were no monsters in sight!

Vanquished Creatures
  A gnoll (D:1)
  3 endoplasms (D:1)
  2 goblins (D:1)
  2 hobgoblins (D:1)
  A kobold (D:1)
  A quokka (D:1)
  2 ball pythons (D:1)
  2 bats (D:1)
  3 frilled lizards (D:1)
  2 rats (D:1)
19 creatures vanquished.

Notes
Turn   | Place    | Note
-------+----------+-------------------------------------------
     0 | D:1      | Gelion the Troll Shapeshifter began the quest for the Orb.
     0 | D:1      | Reached XP level 1. HP: 19/19 MP: 0/0
   173 | D:1      | Reached XP level 2. HP: 28/28 MP: 1/1
   566 | D:1      | Reached XP level 3. HP: 35/35 MP: 2/2
   843 | D:1      | Quit the game

Illustrated notes

Levels and vault maps discovered:
D:1:      dpeg_arrival_line_fractal, layout_loops_corners

Action                     || total
---------------------------++-------
  Melee: Unarmed           ||    34
   Stab: Sleeping          ||     1
 Armour: Animal skin       ||    11
  Dodge: Dodged            ||    10

Table legend: (Time is in decaauts)
 A = Elapsed time spent in this place.
 B = Non-inter-level travel time spent in this place.
 C = Inter-level travel time spent in this place.
 D = Time resting spent in this place.
 E = Time spent auto-exploring this place.
 F = Levels seen in this place.
 G = Mean time per level.
                   A        B        C        D        E       F      G
               +--------+--------+--------+--------+--------+-----+--------+
         Total |    841 |    841 |      0 |      0 |    745 |   1 |  841.0 |
       Dungeon |    841 |    841 |      0 |      0 |    745 |   1 |  841.0 |
               +--------+--------+--------+--------+--------+-----+--------+

Top non-repeatable levels by time:
     D:1: 841 daAuts
